 Dungeon Crawl Stone Soup version 0.29.0-4-gdea44cf6ec (webtiles) character file.

Game seed: 9625925280631282916

27 qw the Chopper (level 3, -3/21 HPs)
             Began as a Tengu Warper on Aug 28, 2022.
             Slain by Terence
             ... wielding a +0 trident
              (6 damage)
             ... on level 2 of the Dungeon.
             The game lasted 00:00:06 (935 turns).

qw the Chopper (Tengu Warper)                        Turns: 935, Time: 00:00:07

Health: -3/21      AC:  8    Str: 19    XL:     3   Next: 10%
Magic:  7/7        EV:  8    Int: 13    God:
Gold:   73         SH:  0    Dex: 16    Spells: 6/6 levels left

rFire   . . .      SeeInvis .   Y - +0 hand axe
rCold   + . .      Faith    .   (no shield)
rNeg    . . .      Spirit   .   d - +0 chain mail
rPois   +          Reflect  .   (helmet restricted)
rElec   +          Harm     .   (no cloak)
rCorr   .          Rampage  .   (no gloves)
Will    .....                   (boots unavailable)
Stlth   ..........              (no amulet)
HPRegen 0.07/turn               k - +6 ring of strength
MPRegen 0.10/turn               a - ring of Fibiomop {*Corrode rElec rPois rC+ Dex+3}

@: unable to read
A: beak, talons 3, no potion heal 1, inability to read after injury 1
a: no special abilities


You were on level 2 of the Dungeon.
You visited 1 branch of the dungeon, and saw 2 of its levels.

You collected 73 gold pieces.


Innate Abilities, Weirdness & Mutations

You have a beak for a mouth.
You have claws for feet.
Potions are less effective at restoring your health.
You occasionally lose the ability to read scrolls when taking damage.


   Skills:
 - Level 2.0 Fighting
 + Level 3.8 Axes
 - Level 1.0 Throwing
 - Level 1.1 Armour
 - Level 2.1 Dodging
 - Level 2.0 Spellcasting
 - Level 2.4 Translocations


You had 6 spell levels left.
You didn't know any spells.
Your spell library contained the following spells:

 Spells                   Type           Power      Damage    Failure   Level
 Blink                    Tloc           14%        N/A       88%         2
 Gell's Gravitas          Tloc           7%         N/A       98%         3
 Lesser Beckoning         Tloc           7%         N/A       98%         3
 Teleport Other           Tloc           7%         N/A       98%         3
 Manifold Assault         Tloc           7%         N/A       100%        5

Inventory:

Hand Weapons
 e - a +0 club
 Y - a +0 hand axe (weapon)
Armour
 d - a +0 chain mail (worn)
Jewellery
 a - the ring of Fibiomop (right hand) {*Corrode rElec rPois rC+ Dex+3}
   (You acquired it on level 1 of the Dungeon)

   [ring of protection from cold]

   Dex:       It affects your dexterity (+3).
   rC:        It protects you from cold.
   rElec:     It insulates you from electricity.
   rPois:     It protects you from poison.
   *Corrode:  It may corrode you when you take damage.
 k - a +6 ring of strength (left hand)
Scrolls
 b - a scroll of teleportation {unknown}
Potions
 i - a potion of haste {unknown}
 l - a potion of heal wounds {unknown}

Dungeon Overview and Level Annotations

Branches:
Dungeon (2/15)

Altars:

Annotations:
D:2 Terence


Message History

Found 6 gold pieces.
Terence shouts!
922 ||| Stepping ~*~*~tactically~*~*~ (hiding).
You start waiting.
Terence is nearby!
924 ||| Stepping ~*~*~tactically~*~*~ (hiding).
You start waiting.
Terence is nearby!
You feel a little less clever now.
Terence hits you from afar with a +0 trident.
Terence hits you with a +0 trident.
You closely miss Terence. You claw Terence.
Terence is lightly wounded.
Terence hits you with a +0 trident.
You hit Terence but do no damage. You peck Terence.
Terence is lightly wounded.
Terence hits you with a +0 trident.
You closely miss Terence.
Terence is lightly wounded.
Terence hits you with a +0 trident.
You feel threatened and lose the ability to read scrolls!
You hit Terence but do no damage. You peck Terence, but do no damage.
Terence is lightly wounded.
You can read scrolls again.
Terence hits you with a +0 trident.
You feel threatened and lose the ability to read scrolls!
You hit Terence. You peck Terence, but do no damage.
Terence is moderately wounded.
You can read scrolls again.
Terence hits you with a +0 trident.
You feel threatened and lose the ability to read scrolls!
You closely miss Terence. Your peck misses Terence.
Terence is moderately wounded.
You can read scrolls again.
Terence completely misses you.
You hit Terence but do no damage. You claw Terence. Your peck misses Terence.
Terence is heavily wounded.
Terence hits you with a +0 trident.
You feel threatened and lose the ability to read scrolls!
You die...

...#..<#
#.###.#.#.#
#.......#.#
#####.#.#.#
#.#.#.#
#.#.#.#
#.#.#.#
#.#.#.# #..@#
#.....@.....#
####........#
.........#
##........#
.$.......#
#........#
........$#


You could see Terence.

Vanquished Creatures
  2 ball pythons (D:1)
  2 endoplasms (D:1)
  A giant cockroach (D:1)
  6 goblins (D:1)
  4 hobgoblins (D:1)
  2 quokkas (D:1)
  A bat (D:1)
  3 frilled lizards (D:1)
  A kobold (D:1)
  A rat (D:1)
23 creatures vanquished.

Notes
Turn   | Place    | Note
-------+----------+-------------------------------------------
     0 | D:1      | qw the Tengu Warper began the quest for the Orb.
     0 | D:1      | Reached XP level 1. HP: 12/12 MP: 4/4
     0 | D:1      | 0 ||| qw: Version: 0.1-a-89-g26bdef1
     0 | D:1      | 0 ||| qw: Game counter: 1451
     0 | D:1      | 0 ||| qw: Always use a shield: true
     0 | D:1      | 0 ||| qw: God list: Okawaru
     0 | D:1      | 0 ||| qw: Allow faded altars: false
     0 | D:1      | 0 ||| qw: Do Orc after D:15 true
     0 | D:1      | 0 ||| qw: Do second Lair branch before Depths: true
     0 | D:1      | 0 ||| qw: Lair rune preference: random
     0 | D:1      | 0 ||| qw: Plans: Normal
     0 | D:1      | 0 ||| PLANNING D:1-11
   126 | D:1      | 126 ||| Stepping ~*~*~tactically~*~*~ (stealth).
   141 | D:1      | Reached XP level 2. HP: 17/17 MP: 6/6
   163 | D:1      | Reached skill level 3 in Axes
   615 | D:1      | Reached XP level 3. HP: 21/21 MP: 7/7
   864 | D:1      | 864 ||| UPGRADING to +0 chain mail.
   874 | D:1      | 874 ||| DROPPING +0 leather armour.
   875 | D:1      | 875 ||| UPGRADING to +6 ring of strength.
   876 | D:1      | 876 ||| READING scroll labelled KOQU DIHIH.
   877 | D:1      | 877 ||| READING scroll labelled XUORAMO UHUUB.
   878 | D:1      | 878 ||| READING scroll labelled TIELAE QAARGHEKKIQ.
   878 | D:1      | Identified a scroll of acquirement
   878 | D:1      | 878 ||| ACQUIRING ring of Fibiomop {*Corrode rElec rPois
                  | rC+ Dex+3}
   878 | D:1      | Acquired the ring of Fibiomop {*Corrode rElec rPois rC+
                  | Dex+3}
   880 | D:1      | 880 ||| UPGRADING to ring of Fibiomop {*Corrode rElec rPois
                  | rC+ Dex+3}.
   881 | D:1      | 881 ||| DRINKING 2 lumpy purple potions.
   882 | D:1      | 882 ||| DRINKING 2 sedimented coppery potions.
   882 | D:1      | Gained mutation: You are partially covered in iridescent
                  | scales. (AC +2) [potion of mutation]
   882 | D:1      | Gained mutation: Potions are less effective at restoring
                  | your health. [potion of mutation]
   882 | D:1      | Gained mutation: You are agile. (Dex +4, Str/Int -1)
                  | [potion of mutation]
   883 | D:1      | 883 ||| DRINKING potion of mutation.
   883 | D:1      | Lost mutation: You are partially covered in iridescent
                  | scales. (AC +2) [potion of mutation]
   883 | D:1      | Lost mutation: You are agile. (Dex +4, Str/Int -1) [potion
                  | of mutation]
   883 | D:1      | Gained mutation: You occasionally lose the ability to read
                  | scrolls when taking damage. [potion of mutation]
   884 | D:1      | 884 ||| DROPPING scroll of blinking.
   885 | D:1      | 885 ||| DROPPING potion of brilliance.
   921 | D:2      | Noticed Terence
   922 | D:2      | 922 ||| Stepping ~*~*~tactically~*~*~ (hiding).
   924 | D:2      | 924 ||| Stepping ~*~*~tactically~*~*~ (hiding).
   933 | D:2      | HP: 3/21 [Terence/+0 trident (3)]
   935 | D:2      | Slain by Terence

Levels and vault maps discovered:
D:1:      dpeg_arrival_oval, layout_basic, serial_corexii_hall,
          corexii_hall_statues_t, chequers_hall_statues_corner_a, fountainhead
D:2:      layout_basic, basic_ecumenical_altar, uniq_sigmund, uniq_robin,
          uniq_terence

Skill      XL: |  1  2 |
---------------+-------+-----
Axes           | 3 |  3.8
Fighting       | |  2.0
Throwing       | |  1.0
Armour         | |  1.1
Dodging        | |  2.1
Spellcasting   | |  2.0
Translocations | |  2.4

Action                   || total
-------------------------++-------
Melee: Hand axe          ||    41
       Peck              ||     6
       Kick              ||     5
Throw: Boomerang         ||     7
  Use: Scroll            ||     3
       Potion            ||     3
Armor: Leather armour    ||     7
Dodge: Dodged            ||    13

Table legend:
 A = Non-vault XP
 B = Vault XP
 C = Vault XP percentage of total XP
 D = Non-vault monster count
 E = Vault monster count
 F = Vault count percentage of total count
                 A         B        C        D         E       F
            +---------+---------+-------+---------+---------+-------
      Total |      39 |       0 |   0.0 |      23 |       0 |   0.0
            +---------+---------+-------+---------+---------+-------
        D:1 |      39 |       0 |   0.0 |      23 |       0 |   0.0
            +---------+---------+-------+---------+---------+-------
